 Dungeon Crawl Stone Soup version 0.24.0-35-gdb84b6a5db (webtiles) character file.

Game seed: 6322843669692527140, levelgen mode: deterministic

8711 Iamsoldier the Destroyer (level 11, -9/81 HPs)
             Began as a Gnoll Conjurer on Nov 19, 2019.
             Was an Initiate of Gozag.
             Mangled by Snorg (11 damage)
             ... on level 9 of the Dungeon.
             The game lasted 01:05:00 (15166 turns).

Iamsoldier the Destroyer (Gnoll Conjurer)          Turns: 15166, Time: 01:05:02

Health: -9/81      AC:  9    Str: 14    XL:     11   Next: 35%
Magic:  4/23       EV: 15    Int: 20    God:    Gozag
Gold:   1689       SH:  0    Dex: 16    Spells: 17/26 levels left

rFire    + . .     SeeInvis .   a - +2 trident (pierce)
rCold    . . .     Gourm    +   (no shield)
rNeg     . . .     Faith    .   H - +3 ring mail {rF+}
rPois    .         Spirit   .   (no helmet)
rElec    .         Reflect  .   (no cloak)
rCorr    .         Harm     .   (no gloves)
MR       .....                  (no boots)
Stlth    +++.......             F - amulet of the gourmand
HPRegen  0.23/turn              Q - +3 ring of strength
MPRegen  0.18/turn              B - ring of wizardry

@: no status effects
A: distributed training, fangs 1, strong nose
a: Potion Petition, Call Merchant, Bribe Branch, Renounce Religion


You were on level 9 of the Dungeon.
You worshipped Gozag.
Gozag was most pleased with you.
You were very hungry.

You visited 1 branch of the dungeon, and saw 10 of its levels.

You collected 1836 gold pieces.
You spent 121 gold pieces at shops.
You paid 26 gold pieces to Gozag.

Inventory:

Hand Weapons
 a - a +2 trident of piercing (weapon)
 b - a +3 spear
 k - a +0 dagger of venom
Missiles
 l - 68 sling bullets
 p - 267 stones (quivered)
 K - 3 throwing nets
Armour
 e - a +0 robe
 s - a +0 leather armour
 t - a +0 buckler
 H - a +3 ring mail of fire resistance (worn)
Magical Staves
 v - an uncursed staff of earth
Jewellery
 i - an uncursed ring of protection from cold
 m - an uncursed ring of protection from cold
 B - a ring of wizardry (right hand)
 F - an amulet of the gourmand (around neck)
 Q - a +3 ring of strength (left hand)
 R - an uncursed ring of resist corrosion
Wands
 I - a wand of scattershot (11)
Scrolls
 f - 9 scrolls of remove curse
 g - a scroll of blinking {unknown}
 q - a scroll of enchant armour
 y - a scroll of noise {unknown}
 z - 7 scrolls of teleportation
 A - a scroll of random uselessness
 C - a scroll of silence {unknown}
 G - 3 scrolls of amnesia
 J - a scroll of immolation
 L - 4 scrolls of identify
 N - a scroll of summoning {unknown}
 O - a scroll of magic mapping {unknown}
Potions
 d - 2 potions of resistance
 h - 2 potions of flight
 j - 3 potions of curing
 n - 2 potions of mutation
 o - a potion of invisibility
 r - a potion of degeneration
 w - 2 potions of magic {unknown}
 x - a potion of agility {unknown}
 D - a potion of brilliance {unknown}
 E - 2 potions of cancellation {unknown}
 M - 2 potions of haste {unknown}
 P - a potion of lignification {unknown}
Comestibles
 c - 12 rations


   Skills:
 + Level 6.1 Fighting
 + Level 6.1 Short Blades
 + Level 6.1 Long Blades
 + Level 6.1 Axes
 + Level 6.1 Maces & Flails
 + Level 6.1 Polearms
 + Level 6.1 Staves
 + Level 6.1 Slings
 + Level 6.1 Bows
 + Level 6.1 Crossbows
 + Level 6.1 Throwing
 + Level 6.1 Armour
 + Level 7.7 Dodging
 + Level 7.5 Stealth
 + Level 6.1 Shields
 + Level 6.1 Unarmed Combat
 + Level 8.0 Spellcasting
 + Level 8.8 Conjurations
 + Level 5.0 Hexes
 + Level 5.0 Charms
 + Level 5.0 Summonings
 + Level 5.0 Necromancy
 + Level 5.0 Translocations
 + Level 5.0 Transmutations
 + Level 5.0 Fire Magic
 + Level 5.0 Ice Magic
 + Level 5.0 Air Magic
 + Level 5.0 Earth Magic
 + Level 5.0 Poison Magic
 + Level 6.7 Invocations
 + Level 6.1 Evocations


You had 17 spell levels left.
You knew the following spells:

 Your Spells              Type           Power        Failure   Level  Hunger
a - Magic Dart            Conj           ####         1%          1    None
c - Iskenderun's Mystic   Conj           #####...     1%          4    ###....
d - Fulminant Prism       Conj/Hex       #####.....   3%          4    ###....

Your spell library contained the following spells:

 Spells                   Type           Power        Failure   Level  Hunger
 Searing Ray              Conj           #####.       1%          2    None
 Dazzling Spray           Conj/Hex       #####.       1%          3    None
 Force Lance              Conj/Tloc      #####...     3%          4    ###....


Dungeon Overview and Level Annotations

Branches:
Dungeon (10/15)            Temple (0/1) D:7            Lair (0/6) D:8
    Orc: D:9-12

Altars:
Ashenzari
Gozag
Nemelex Xobeh
Ru
Wu Jian
The Shining One

Shops:
D:5 !   D:7 !

Annotations:
D:9 Snorg
D:10 Erolcha


Innate Abilities, Weirdness & Mutations

Your experience applies equally to all skills.
You have very sharp teeth.
Your uncanny sense of smell can sniff out nearby items.


Message History

Snorg goes berserk!
Snorg completely misses you. Snorg misses you. x2
Snorg rages.
Snorg closely misses you. Snorg claws you. Snorg claws you but does no damage.
Snorg bites you! Snorg claws you but does no damage. Snorg barely misses you.
Snorg rages.
Snorg bites you! Snorg closely misses you. Snorg claws you!
Snorg bites you but does no damage. Snorg barely misses you.
Snorg claws you but does no damage. Snorg bites you. Snorg misses you.
Snorg barely misses you. Snorg completely misses you. Snorg claws you! x2
Snorg barely misses you. Snorg claws you but does no damage. Snorg claws you.
* * * LOW HITPOINT WARNING * * *
Snorg bites you!!
* * * LOW HITPOINT WARNING * * *
Snorg claws you.
* * * LOW HITPOINT WARNING * * *
Snorg claws you!
You die...
Your body crumbles into a pile of gold.

,,,,,,,* #.**,*##....#.....####..
,,,*,,,* #.#,,*##................
*,,***,**#...**#...###...........
,,,,,,,,*#....*#..## ##..........
,,,,*,,**#....##..####*..........
,,,,,,,,,,,,#........##..........
,,,,,,**,,,,###.........,.......#
,,),>,,***,,* ##T.......,,,.....#
,,,**[,*,,,,* #.@.......,,,......
,***,,,,,,,** #..#......,,,,**#..
,,*,,,,,,,,***#..##.....,*,** #..
,,,,,,,,,,,,,,....,.....,*,* #..
**,,,,,,,,,**.##..*..##..,,* ###.
***,,,,,,,,*##*#.##*##....**##...
*,,,,,,,**,,,,*#..,*,*.....##....
,,,**,**,*,,,,,...,,,,...........
,,,**,,,,,,,,,,(,,,***......[.###


You could see Snorg (berserk).

Vanquished Creatures
  Harold (D:9)
  An unseen horror (D:9)
  Prince Ribbit (D:5)
  Grinder (D:3)
  2 hippogriffs
  A wyvern (D:8)
  10 yaks
  A human (D:7)
  3 hogs (D:7)
  A water moccasin (D:9)
  A porcupine (D:8)
  4 orc warriors
  2 ice beasts (D:9)
  3 sky beasts
  A black bear (D:9)
  A necrophage (D:5)
  4 centaurs
  5 ogres
  8 bullfrogs
  A water moccasin skeleton (D:8)
  6 killer bees (D:9)
  2 scorpions
  8 wights
  3 howler monkeys
  5 crimson imps
  A bullfrog zombie (D:6)
  2 hounds
  A jelly (D:7)
  6 orc priests
  A bullfrog skeleton (D:6)
  8 orc wizards
  6 worker ants
  An iguana (D:7)
  2 hound skeletons
  A howler monkey zombie (D:7)
  A worker ant zombie (D:6)
  8 gnolls (D:6)
  A howler monkey skeleton (D:10)
  17 adders
  3 shadow imps
  An adder zombie (D:9)
  A worm (D:3)
  5 dart slugs
  6 leopard geckos
  30 orcs
  8 giant cockroaches
  4 goblins
  6 hobgoblins
  4 jackals (D:5)
  3 quokkas
  A ball python (D:3)
  A ball python skeleton (D:4)
  4 bats
  3 frilled lizards
  10 kobolds
  5 rats
227 creatures vanquished.

Vanquished Creatures (others)
  16 fulminant prisms
16 creatures vanquished.

Grand Total: 243 creatures vanquished

Notes
Turn   | Place    | Note
-------+----------+-------------------------------------------
     0 | D:1      | Iamsoldier the Gnoll Conjurer began the quest for the Orb.
     0 | D:1      | Reached XP level 1. HP: 13/13 MP: 6/6
   343 | D:1      | Reached XP level 2. HP: 19/19 MP: 3/7
  1214 | D:1      | Reached XP level 3. HP: 25/25 MP: 6/9
  1272 | D:1      | Learned a level 3 spell: Dazzling Spray
  1285 | D:1      | Reached skill level 5 in Spellcasting
  1544 | D:2      | Found an opulent altar of Gozag.
  1682 | D:2      | Reached skill level 1 in Invocations
  1994 | D:2      | Reached skill level 1 in Fighting
  1994 | D:2      | Reached skill level 1 in Short Blades
  1994 | D:2      | Reached skill level 1 in Long Blades
  1994 | D:2      | Reached skill level 1 in Axes
  1994 | D:2      | Reached skill level 1 in Maces & Flails
  1994 | D:2      | Reached skill level 1 in Polearms
  1994 | D:2      | Reached skill level 1 in Staves
  1994 | D:2      | Reached skill level 1 in Slings
  1994 | D:2      | Reached skill level 1 in Bows
  1994 | D:2      | Reached skill level 1 in Crossbows
  1994 | D:2      | Reached skill level 1 in Throwing
  1994 | D:2      | Reached skill level 1 in Armour
  1994 | D:2      | Reached skill level 1 in Shields
  1994 | D:2      | Reached skill level 1 in Unarmed Combat
  1994 | D:2      | Reached skill level 1 in Evocations
  2243 | D:2      | Reached XP level 4. HP: 32/32 MP: 8/11
  2494 | D:2      | Became a worshipper of Gozag Ym Sagoz the Greedy
  2596 | D:3      | Learned a level 4 spell: Iskenderun's Mystic Blast
  2601 | D:3      | Learned a level 4 spell: Fulminant Prism
  2636 | D:3      | Reached skill level 1 in Hexes
  2636 | D:3      | Reached skill level 1 in Charms
  2636 | D:3      | Reached skill level 1 in Summonings
  2636 | D:3      | Reached skill level 1 in Necromancy
  2636 | D:3      | Reached skill level 1 in Translocations
  2636 | D:3      | Reached skill level 1 in Transmutations
  2636 | D:3      | Reached skill level 1 in Fire Magic
  2636 | D:3      | Reached skill level 1 in Ice Magic
  2636 | D:3      | Reached skill level 1 in Air Magic
  2636 | D:3      | Reached skill level 1 in Earth Magic
  2636 | D:3      | Reached skill level 1 in Poison Magic
  2747 | D:3      | Reached XP level 5. HP: 29/37 MP: 0/12
  3393 | D:3      | Noticed Grinder
  3394 | D:3      | Paralysed by Grinder for 4 turns
  3407 | D:3      | Killed Grinder
  3407 | D:3      | Reached skill level 5 in Dodging
  3407 | D:3      | Reached XP level 6. HP: 24/44 MP: 0/14
  3862 | D:4      | Reached XP level 7. HP: 50/50 MP: 8/15
  4542 | D:5      | Entered Level 5 of the Dungeon
  4604 | D:5      | Noticed Prince Ribbit
  4776 | D:5      | Killed Prince Ribbit
  4776 | D:5      | Reached skill level 5 in Stealth
  4983 | D:5      | Reached XP level 8. HP: 57/57 MP: 6/16
  5288 | D:5      | Found Jezah's Distillery.
  5402 | D:5      | Found a sparkling altar of Nemelex Xobeh.
  7101 | D:6      | Reached XP level 9. HP: 65/65 MP: 9/18
  7704 | D:6      | Found a shattered altar of Ashenzari.
  8251 | D:7      | Found a staircase to the Ecumenical Temple.
  9244 | D:7      | Found Nasyugem's Distillery.
  9247 | D:7      | Bought a potion of curing for 33 gold pieces
  9247 | D:7      | Bought a potion of curing for 33 gold pieces
  9247 | D:7      | Bought a potion of heal wounds for 55 gold pieces
  9439 | D:8      | Reached skill level 5 in Invocations
  9601 | D:8      | Reached XP level 10. HP: 59/73 MP: 1/20
  9828 | D:8      | Found a staircase to the Lair.
 10223 | D:8      | Reached skill level 5 in Fighting
 10223 | D:8      | Reached skill level 5 in Short Blades
 10223 | D:8      | Reached skill level 5 in Long Blades
 10223 | D:8      | Reached skill level 5 in Axes
 10223 | D:8      | Reached skill level 5 in Maces & Flails
 10223 | D:8      | Reached skill level 5 in Polearms
 10223 | D:8      | Reached skill level 5 in Staves
 10223 | D:8      | Reached skill level 5 in Slings
 10223 | D:8      | Reached skill level 5 in Bows
 10223 | D:8      | Reached skill level 5 in Crossbows
 10223 | D:8      | Reached skill level 5 in Throwing
 10223 | D:8      | Reached skill level 5 in Armour
 10223 | D:8      | Reached skill level 5 in Shields
 10223 | D:8      | Reached skill level 5 in Unarmed Combat
 10223 | D:8      | Reached skill level 5 in Evocations
 10854 | D:9      | Found a glowing golden altar of the Shining One.
 10856 | D:9      | Found a sacrificial altar of Ru.
 10882 | D:9      | Found an ornate altar of the Wu Jian Council.
 12074 | D:10     | Entered Level 10 of the Dungeon
 12074 | D:10     | Noticed Harold
 13021 | D:10     | Reached XP level 11. HP: 81/81 MP: 5/22
 13205 | D:10     | Noticed Erolcha
 13698 | D:10     | Noticed Snorg
 13868 | D:9      | Killed Harold
 14273 | D:9      | Reached skill level 5 in Hexes
 14273 | D:9      | Reached skill level 5 in Charms
 14273 | D:9      | Reached skill level 5 in Summonings
 14273 | D:9      | Reached skill level 5 in Necromancy
 14273 | D:9      | Reached skill level 5 in Translocations
 14273 | D:9      | Reached skill level 5 in Transmutations
 14273 | D:9      | Reached skill level 5 in Fire Magic
 14273 | D:9      | Reached skill level 5 in Ice Magic
 14273 | D:9      | Reached skill level 5 in Air Magic
 14273 | D:9      | Reached skill level 5 in Earth Magic
 14273 | D:9      | Reached skill level 5 in Poison Magic
 14349 | D:9      | Killed an unseen horror
 15099 | D:9      | Found a sacrificial altar of Ru.
 15099 | D:9      | Found a glowing golden altar of the Shining One.
 15166 | D:9      | HP: 3/81 [Snorg (20)]
 15166 | D:9      | Mangled by Snorg

Levels and vault maps discovered:
D:1:      saegor_arrival_miasma, layout_rooms
D:2:      layout_basic, grunt_gozag_statues
D:3:      layout_loops_ring, first_ration, grunt_ministairs_7, uniq_grinder
D:4:      layout_rooms, item_on_display_a
D:5:      layout_basic, overflow_temple_1_default, serial_shops,
          nicolae_shop_behind_doors, uniq_prince_ribbit1
D:6:      layout_layer_cave, ashenzari_altar_1
D:7:      layout_basic, minmay_temple_entry_slanted, serial_shops,
          kennysheep_mini, grunt_livestock
D:8:      layout_cave_pools, grunt_lair_entry_orc_guard_hut
D:9:      layout_cave_pools, nicolae_overflow_hidden_temple,
          chequers_temple_overflow_statue_of_worship, kennysheep_generic_room_9
D:10:     layout_cave_pools, eino_tiny_chamber, uniq_erolcha, uniq_snorg,
          uniq_harold

Skill      XL: |  1  2  3  4  5  6  7  8  9 10 11 |
---------------+----------------------------------+-----
Spellcasting   | 5 6 7 8 |  8.0
Invocations    | 1 2 3 4 5 6 |  6.7
Fighting       | 1 2 3 4 5 6 |  6.1
Short Blades   | 1 2 3 4 5 6 |  6.1
Long Blades    | 1 2 3 4 5 6 |  6.1
Axes           | 1 2 3 4 5 6 |  6.1
Maces & Flails | 1 2 3 4 5 6 |  6.1
Polearms       | 1 2 3 4 5 6 |  6.1
Staves         | 1 2 3 4 5 6 |  6.1
Slings         | 1 2 3 4 5 6 |  6.1
Bows           | 1 2 3 4 5 6 |  6.1
Crossbows      | 1 2 3 4 5 6 |  6.1
Throwing       | 1 2 3 4 5 6 |  6.1
Armour         | 1 2 3 4 5 6 |  6.1
Shields        | 1 2 3 4 5 6 |  6.1
Unarmed Combat | 1 2 3 4 5 6 |  6.1
Evocations     | 1 2 3 4 5 6 |  6.1
Hexes          | 1 2 3 4 5 |  5.0
Charms         | 1 2 3 4 5 |  5.0
Summonings     | 1 2 3 4 5 |  5.0
Necromancy     | 1 2 3 4 5 |  5.0
Translocations | 1 2 3 4 5 |  5.0
Transmutations | 1 2 3 4 5 |  5.0
Fire Magic     | 1 2 3 4 5 |  5.0
Ice Magic      | 1 2 3 4 5 |  5.0
Air Magic      | 1 2 3 4 5 |  5.0
Earth Magic    | 1 2 3 4 5 |  5.0
Poison Magic   | 1 2 3 4 5 |  5.0
Dodging        | 5 6 7 |  7.7
Stealth        | 5 6 7 |  7.5
Conjurations   | 8 |  8.8

Action                   |  1- 3 |  4- 6 |  7- 9 | 10-12 || total
-------------------------+-------+-------+-------+-------++-------
Melee: Dagger            |     5 |     5 |       |       ||    10
       Bite              |       |     2 |     4 |     6 ||    12
       Spear             |       |     4 |    27 |       ||    31
       Trident           |       |       |    27 |    59 ||    86
       Punch             |       |       |       |     4 ||     4
Throw: Stone             |       |       |     3 |       ||     3
 Cast: Magic Dart        |    70 |    61 |   238 |   178 ||   547
       Iskenderun's Myst |       |     6 |    58 |    93 ||   157
       Fulminant Prism   |       |       |     9 |     7 ||    16
  Use: Scroll            |     1 |       |    11 |     6 ||    18
       Potion            |       |       |     3 |     6 ||     9
 Stab: Sleeping          |       |       |     1 |       ||     1
       Distracted        |       |       |       |     4 ||     4
  Eat: Chunk             |     4 |       |       |       ||     4
       Ration            |       |     2 |     7 |     8 ||    17
Armor: Robe              |     5 |       |       |       ||     5
       Leather armour    |       |     5 |     8 |       ||    13
       Ring mail         |       |       |    35 |    75 ||   110
Dodge: Dodged            |    13 |     7 |   154 |   162 ||   336
